 Dungeon Crawl Stone Soup version 0.28-a0-724-g66f9036 (webtiles) character file.

Game seed: 2263421357565222491

498 NeededCrab the Ducker (level 7, -24/56 HPs)
             Began as a Gnoll Gladiator on Oct 26, 2021.
             Was a Believer of Cheibriados.
             Killed from afar by a gargoyle (27 damage)
             ... with a stone arrow
             ... on level 5 of the Dungeon.
             The game lasted 00:12:53 (5411 turns).

NeededCrab the Ducker (Gnoll Gladiator)             Turns: 5411, Time: 00:12:53

Health: -24/56     AC:  7    Str: 18    XL:     7   Next: 16%
Magic:  2/10       EV: 15    Int: 14    God:    Cheibriados [**....]
Gold:   167        SH:  0    Dex: 19    Spells: 10/10 levels left

rFire   . . .      SeeInvis .   a - +0 quarterstaff
rCold   . . .      Faith    .   (shield currently unavailable)
rNeg    . . .      Spirit   .   o - +0 ring mail
rPois   .          Reflect  .   c - +0 helmet
rElec   .          Harm     .   u - +0 cloak
rCorr   .          Rampage  .   (no gloves)
Will    .....                   (no boots)
Stlth   ++........              (no amulet)
HPRegen 0.18/turn               (no ring)
MPRegen 0.12/turn               (no ring)

@: very slow
A: fangs 1, strong nose, distributed training
a: Renounce Religion, Bend Time


You were on level 5 of the Dungeon.
You worshipped Cheibriados.
Cheibriados was pleased with you.
You visited 1 branch of the dungeon, and saw 5 of its levels.

You collected 167 gold pieces.

Inventory:

Hand Weapons
 a - a +0 quarterstaff (weapon)
Missiles
 d - 5 throwing nets (quivered)
 h - 16 poisoned darts
Armour
 b - a +0 leather armour
 c - a +0 helmet (worn)
 f - a +0 scale mail
 g - a +0 chain mail
 o - a +0 ring mail (worn)
 u - a +0 cloak (worn)
Wands
 l - a wand of polymorph (3)
Scrolls
 i - a scroll of enchant weapon {unknown}
 k - a scroll of noise {unknown}
 n - 2 scrolls of teleportation {unknown}
 r - a scroll of identify {unknown}
 s - a scroll of summoning {unknown}
Potions
 e - 2 potions of haste {unknown}
 j - a potion of curing {unknown}
 m - 2 potions of attraction {unknown}
 p - 2 potions of degeneration {unknown}
 q - 3 potions of brilliance {unknown}
 t - a potion of heal wounds {unknown}


   Skills:
 + Level 5.1 Fighting
 + Level 2.3 Short Blades
 + Level 2.3 Long Blades
 + Level 2.3 Axes
 + Level 2.3 Maces & Flails
 + Level 2.3 Polearms
 + Level 7.0 Staves
 + Level 2.3 Slings
 + Level 2.3 Bows
 + Level 2.3 Crossbows
 + Level 5.1 Throwing
 + Level 2.3 Armour
 + Level 7.0 Dodging
 + Level 2.3 Stealth
 + Level 2.3 Shields
 + Level 2.3 Unarmed Combat
 + Level 2.3 Spellcasting
 + Level 1.8 Conjurations
 + Level 1.8 Hexes
 + Level 1.8 Summonings
 + Level 1.8 Necromancy
 + Level 1.8 Translocations
 + Level 1.8 Transmutations
 + Level 1.8 Fire Magic
 + Level 1.8 Ice Magic
 + Level 1.8 Air Magic
 + Level 1.8 Earth Magic
 + Level 1.8 Poison Magic
 + Level 2.5 Invocations
 + Level 2.3 Evocations


You had 10 spell levels left.
You didn't know any spells.
Your spell library contained the following spells:

 Spells                   Type           Power      Damage    Failure   Level
 Animate Skeleton         Necr           12%        N/A       19%         1
 Freeze                   Ice            24%        1d5       19%         1
 Pain                     Necr           24%        1d5       19%         1
 Frozen Ramparts          Ice            12%        1d3       50%         3
 Vampiric Draining        Necr           3%         2d6       50%         3
 Hailstorm                Conj/Ice       6%         3d4       88%         4


Dungeon Overview and Level Annotations

Branches:
Dungeon (5/15)
 Temple: D:4-7

Altars:
Cheibriados
Kikubaaqudgha


Innate Abilities, Weirdness & Mutations

You have very sharp teeth.
Your uncanny sense of smell can sniff out nearby items.
Your experience applies equally to all skills.


Message History

The gargoyle closely misses you.
You hit the gargoyle but do no damage.
You bite the gargoyle, but do no damage.
The gargoyle is lightly damaged.
The gargoyle hurls a stone arrow at you.
The stone arrow misses you.
You closely miss the gargoyle.
The gargoyle is lightly damaged.
You hit the gargoyle but do no damage.
The gargoyle is lightly damaged.
The gargoyle hits you with a +0 mace!
You hit the gargoyle.
The gargoyle is lightly damaged.
The gargoyle barely misses you.
You hit the gargoyle.
The gargoyle is moderately damaged.
You hit the gargoyle but do no damage.
You bite the gargoyle, but do no damage.
The gargoyle is moderately damaged.
The gargoyle closely misses you.
You hit the gargoyle but do no damage. Your bite misses the gargoyle.
The gargoyle is moderately damaged.
The gargoyle is no longer moving slowly.
The gargoyle misses you.
You hit the gargoyle but do no damage.
The gargoyle is moderately damaged.
The gargoyle closely misses you. The flow of time bends around you.
The gargoyle resists with some effort.
The gargoyle hits you with a +0 mace!
You hit the gargoyle.
You bite the gargoyle, but do no damage.
The gargoyle is moderately damaged.
The gargoyle hurls a stone arrow at you.
The stone arrow hits you!
* * * LOW HITPOINT WARNING * * *
The flow of time bends around you.
The gargoyle resists with some effort.
Cheibriados lowers the support of your attributes as your movement quickens.
The gargoyle hurls a stone arrow at you.
The stone arrow hits you!!
You die...

#### ...#+#### ##
###......# ... #
..9......+ .. ∆ #
#....9..#.# ### #
#....# ... . #.#### #.#
# #.##############.# #
#.9@...........#.###
#######......#....#....
.............#.........
#######......#...######
#......#..†#
#......#...#
######.#...# #.#...#
.#...#


You could see a gargoyle.

Vanquished Creatures
  A scorpion (D:5)
  The ghost of poml the Chucker, a weakling TrHu (D:4)
  2 hounds (D:5)
  A jelly (D:4)
  Crazy Yiuf (D:4)
  Natasha (twice) (D:2)
  An iguana (D:4)
  A hound skeleton (D:4)
  Robin (D:2)
  4 gnolls (D:3)
  4 adders
  An adder zombie (D:2)
  4 worms
  2 dart slugs
  2 orcs (D:4)
  9 endoplasms
  3 giant cockroaches
  7 goblins
  7 hobgoblins
  6 jackals
  5 quokkas
  4 ball pythons
  A ball python skeleton (D:2)
  2 bats (D:1)
  A frilled lizard (D:1)
  2 jackal skeletons (D:2)
  6 kobolds
  A quokka zombie (D:2)
  7 rats
89 creatures vanquished.

Vanquished Creatures (others)
  4 fungi (D:2)
  2 plants (D:2)
  7 withered plants
13 creatures vanquished.

Grand Total: 102 creatures vanquished

Notes
Turn   | Place    | Note
-------+----------+-------------------------------------------
     0 | D:1      | NeededCrab the Gnoll Gladiator began the quest for the Orb.
     0 | D:1      | Reached XP level 1. HP: 20/20 MP: 1/1
   155 | D:1      | Reached XP level 2. HP: 26/26 MP: 2/2
  1134 | D:1      | Reached XP level 3. HP: 31/31 MP: 3/3
  1370 | D:2      | Reached skill level 1 in Invocations
  1813 | D:2      | Reached skill level 1 in Short Blades
  1813 | D:2      | Reached skill level 1 in Long Blades
  1813 | D:2      | Reached skill level 1 in Axes
  1813 | D:2      | Reached skill level 1 in Maces & Flails
  1813 | D:2      | Reached skill level 1 in Polearms
  1813 | D:2      | Reached skill level 1 in Slings
  1813 | D:2      | Reached skill level 1 in Bows
  1813 | D:2      | Reached skill level 1 in Crossbows
  1813 | D:2      | Reached skill level 1 in Armour
  1813 | D:2      | Reached skill level 1 in Stealth
  1813 | D:2      | Reached skill level 1 in Shields
  1813 | D:2      | Reached skill level 1 in Unarmed Combat
  1813 | D:2      | Reached skill level 1 in Spellcasting
  1813 | D:2      | Reached skill level 1 in Evocations
  1854 | D:2      | Reached XP level 4. HP: 20/38 MP: 5/5
  2047 | D:2      | Found a faded altar of an unknown god.
  2075 | D:2      | Prayed at the altar of an unknown god.
  2075 | D:2      | Became a worshipper of Cheibriados the Contemplative
  2075 | D:2      | Reached * piety under Cheibriados
  2566 | D:2      | Noticed Natasha
  2575 | D:2      | Killed Natasha
  2576 | D:2      | Reached skill level 1 in Conjurations
  2576 | D:2      | Reached skill level 1 in Hexes
  2576 | D:2      | Reached skill level 1 in Summonings
  2576 | D:2      | Reached skill level 1 in Necromancy
  2576 | D:2      | Reached skill level 1 in Translocations
  2576 | D:2      | Reached skill level 1 in Transmutations
  2576 | D:2      | Reached skill level 1 in Fire Magic
  2576 | D:2      | Reached skill level 1 in Ice Magic
  2576 | D:2      | Reached skill level 1 in Air Magic
  2576 | D:2      | Reached skill level 1 in Earth Magic
  2576 | D:2      | Reached skill level 1 in Poison Magic
  2902 | D:2      | Noticed Robin
  2917 | D:2      | Killed Robin
  2918 | D:2      | Reached XP level 5. HP: 39/43 MP: 5/7
  3045 | D:2      | Noticed Natasha
  3054 | D:2      | Killed Natasha
  3083 | D:2      | You fall into a shaft and drop 1 floor!
  3119 | D:2      | Reached ** piety under Cheibriados
  3393 | D:3      | Found an ancient bone altar of Kikubaaqudgha.
  4271 | D:4      | Reached XP level 6. HP: 48/50 MP: 8/8
  4615 | D:4      | Reached skill level 5 in Fighting
  4615 | D:4      | Reached skill level 5 in Throwing
  4705 | D:4      | Found a runed translucent door.
  4705 | D:4      | Noticed poml's ghost (weakling TrHu)
  4723 | D:4      | Killed poml's ghost
  4796 | D:4      | Found a runed translucent door.
  4797 | D:4      | Noticed Crazy Yiuf
  4840 | D:4      | Killed Crazy Yiuf
  5134 | D:5      | Entered Level 5 of the Dungeon
  5236 | D:5      | Reached XP level 7. HP: 55/56 MP: 10/10
  5389 | D:5      | Noticed a gargoyle
  5411 | D:5      | Killed from afar by a gargoyle

Illustrated notes

Levels and vault maps discovered:
D:1:      minmay_arrival_stone_box, layout_basic, minmay_crystal_water,
          skrybe_limestone_x, minmay_tall_x
D:2:      layout_loops_corners, serial_undead, serial_undead_d, serial_undead_c,
          serial_undead_e, serial_undead_c, dreamdust_ecumenical_altar_grove,
          uniq_natasha, uniq_robin
D:3:      layout_loops_ring, kiku_gazebo_garden_becter
D:4:      layout_gridville, hellmonk_ghost_happy_afterlife,
          minmay_misc_feat_diagonals, uniq_crazy_yiuf_cottage
D:5:      layout_basic

Skill      XL: |  1  2  3  4  5  6  7 |
---------------+----------------------+-----
Invocations    | 1 2 |  2.5
Short Blades   | 1 2 |  2.3
Long Blades    | 1 2 |  2.3
Axes           | 1 2 |  2.3
Maces & Flails | 1 2 |  2.3
Polearms       | 1 2 |  2.3
Slings         | 1 2 |  2.3
Bows           | 1 2 |  2.3
Crossbows      | 1 2 |  2.3
Armour         | 1 2 |  2.3
Stealth        | 1 2 |  2.3
Shields        | 1 2 |  2.3
Unarmed Combat | 1 2 |  2.3
Spellcasting   | 1 2 |  2.3
Evocations     | 1 2 |  2.3
Conjurations   | 1 |  1.8
Hexes          | 1 |  1.8
Summonings     | 1 |  1.8
Necromancy     | 1 |  1.8
Translocations | 1 |  1.8
Transmutations | 1 |  1.8
Fire Magic     | 1 |  1.8
Ice Magic      | 1 |  1.8
Air Magic      | 1 |  1.8
Earth Magic    | 1 |  1.8
Poison Magic   | 1 |  1.8
Fighting       | 5 |  5.1
Throwing       | 5 |  5.1
Staves         | 7 |  7.0
Dodging        | 7 |  7.0

Action                   |  1- 3 |  4- 6 |  7- 9 || total
-------------------------+-------+-------+-------++-------
Melee: Quarterstaff      |    99 |   185 |    24 ||   308
       Bite              |     3 |    20 |     4 ||    27
       Unarmed           |       |     7 |       ||     7
Invok: Bend Time         |       |     2 |     3 ||     5
 Stab: Sleeping          |       |     1 |       ||     1
Armor: Scale mail        |    32 |    56 |       ||    88
       Skin              |       |     2 |       ||     2
       Ring mail         |       |     5 |     2 ||     7
Dodge: Dodged            |    35 |   108 |    13 ||   156

Table legend: (Time is in decaauts)
 A = Elapsed time spent in this place.
 B = Non-inter-level travel time spent in this place.
 C = Inter-level travel time spent in this place.
 D = Time resting spent in this place.
 E = Time spent auto-exploring this place.
 F = Levels seen in this place.
 G = Mean time per level.
                   A        B        C        D        E       F      G
               +--------+--------+--------+--------+--------+-----+--------+
         Total |   6266 |   6076 |    190 |    296 |   4769 |   5 | 1253.2 |
       Dungeon |   6266 |   6076 |    190 |    296 |   4769 |   5 | 1253.2 |
               +--------+--------+--------+--------+--------+-----+--------+

Top non-repeatable levels by time:
     D:2: 2132 daAuts
     D:1: 1328 daAuts
     D:4: 1264 daAuts
     D:3: 1205 daAuts
     D:5: 335 daAuts
